Map: Ice and Chrome LE

Players

Zaechus - Winner!

  • Race: Zerg Zerg
  • League: Diamond
  • Spawn Location: 7:00

Stats

  • Race: Protoss Protoss
  • League: Diamond
  • Spawn Location: 1:00

VOD

Have the link to the VOD?

Description

Time

  • Played on: Aug. 4, 2020, 3:39 p.m.
  • Length: 6:36
Show
View Real Time Build Order
Export as new Build Order

Zaechus Zerg - Winner!

Build Orders: Hatch First 

Get SALT Encoding   

  12  0:00  Drone  
  13  0:12  Overlord  
  13  0:17  Drone  
  14  0:30  Drone x2  
  16  0:51  Hatchery, Drone  
  16  0:56  Drone  
  17  1:02  Drone  
  18  1:13  Extractor  
  18  1:17  Drone, Spawning Pool  
  17  1:24  Drone  
  18  1:27  Drone  
  19  1:42  Overlord  
  19  1:51  Drone  
  20  2:04  Zergling x2, Queen x2  
  20  2:05  Zergling x2  
  26  2:13  Drone  
  26  2:14  Drone  
  28  2:25  Hatchery  
  28  2:28  Drone  
  28  2:32  Metabolic Boost  
  28  2:38  Overlord  
  28  2:49  Queen  
  28  2:51  Drone  
  31  2:52  Drone  
  32  3:00  Drone x3  
  32  3:01  Drone  
  36  3:09  Drone x2  
  38  3:15  Overlord  
  38  3:17  Zergling x4  
  40  3:25  Overlord  
  40  3:26  Drone x2  
  42  3:28  Zergling x4  
  44  3:36  Zergling x2  
  44  3:37  Zergling x4  
  47  3:50  Zergling x16  
  55  3:56  Overlord  
  55  4:02  Zergling x4  
  55  4:10  Zergling x4  
  55  4:13  Zergling x2  
  57  4:19  Zergling x2  
  57  4:21  Zergling x2  
  57  4:23  Zergling x10  
  63  4:25  Zergling x10  
  66  4:33  Zergling x2  
  66  4:34  Zergling x2  
  66  4:36  Zergling x2  
  69  4:59  Zergling x10  
  69  5:00  Overlord  
  69  5:01  Overlord  
  69  5:02  Overlord x2  
  69  5:04  Overlord x6  
  69  5:32  Zergling x28  
  69  5:57  Zergling x16  
Show
View Real Time Build Order
Export as new Build Order

Stats Protoss 

Build Orders: 1 Gate Expand, Phoenix Opening 

Get SALT Encoding   

  12  0:01  Probe  
  13  0:13  Probe  
  14  0:21  Pylon  
  14  0:25  Probe  
  15  0:39  Probe (Chrono Boost)  
  15  0:42  Gateway  
  16  0:50  Assimilator  
  16  0:51  Probe (Chrono Boost)  
  17  0:59  Probe (Chrono Boost)  
  18  1:05  Probe  
  19  1:17  Probe  
  20  1:28  Nexus  
  20  1:38  Cybernetics Core  
  20  1:41  Probe  
  20  1:44  Assimilator  
  21  1:51  Pylon  
  21  1:55  Probe  
  22  2:07  Probe  
  23  2:20  Stargate, Probe (Chrono Boost)  
  24  2:23  Adept (Chrono Boost)  
  27  2:31  Probe (Chrono Boost)  
  27  2:34  Warp Gate  
  27  2:36  Probe (Chrono Boost)  
  27  2:40  Gateway, Probe  
  29  2:48  Probe  
  30  2:51  Adept  
  30  2:52  Probe  
  33  3:00  Probe  
  33  3:03  Phoenix (Chrono Boost)  
  33  3:05  Probe  
  37  3:12  Probe  
  38  3:17  Assimilator  
  38  3:20  Robotics Facility  
  38  3:25  Probe (Chrono Boost)  
  38  3:26  Probe (Chrono Boost)  
  40  3:35  Pylon  
  40  3:38  Probe (Chrono Boost)  
  42  3:43  Probe (Chrono Boost)  
  42  3:46  Probe (Chrono Boost)  
  43  3:50  Probe (Chrono Boost)  
  43  3:52  Probe  
  45  3:57  Gateway  
  45  3:59  Gateway  
  45  4:01  Gateway  
  45  4:03  Pylon  
  43  4:23  Adept x2  
Tags
 
Add a new tag
Caveats
  • Supply blocks, unpowered buildings, or Contaminate may cause inaccurate times.
  • Supply counts are checked every 10 seconds.